[Event "45th FIDE Olympiad 2024"]
[Site "Budapest"]
[Date "2024.09.11"]
[Round "1.14"]
[White "Mahendra, Gurung"]
[Black "Pasko, Llambi"]
[Result "0-1"]
[ECO "C68"]
[WhiteElo "1725"]
[BlackElo "2396"]
[Annotator "TA"]
[PlyCount "62"]
[EventDate "2024.09.05"]
[EventType "team-tourn"]
[EventCountry "HUN"]
[SourceTitle "playchess.com"]
[Source "ChessBase"]
[SourceQuality "1"]
[WhiteTeam "Bhutan"]
[BlackTeam "Albania"]
[WhiteTeamCountry "BTN"]
[BlackTeamCountry "ALB"]
[TimeControl "40/5400+30:1800+30"]

1. e4 e5 2. Nf3 Nc6 3. Bb5 a6 4. Be2 Nf6 5. d3 d5 6. Bg5 (6. Nbd2 $11 {keeps the balance.}) 6... dxe4 $17 7. Bxf6 Qxf6 8. dxe4 {Black is better.} Qg6 9. Nbd2 Be6 (9... Qxg2 $142 10. Rg1 Qh3) 10. g3 Rd8 11. c3 Be7 {Black is much more active. The white rooks are passive.} 12. Qa4 O-O 13. O-O Bg4 $36 {[%mdl 2048] Threatens to win with ...Rxd2. Keeping White busy.} 14. Qc2 Qh5 15. Bd1 {[#]} (15. Kg2 $17) 15... Rd6 $1 $19 16. Ne1 Rh6 17. Ndf3 (17. Nef3 {is a better defense.} Rd8 18. h4) 17... f5 (17... Qh3 $142 18. Qd2 Nd8) 18. h4 g5 19. exf5 $2 {Now White is beyond hope.} (19. Nxg5 $17 f4 20. Qb3+ Kg7 21. Bxg4 Qxg4 22. Qd1) 19... gxh4 20. Kg2 {[#]} (20. Nh2 $19 hxg3 21. fxg3 Bc5+ 22. Kh1 Bxd1 (22... Rxf5 $2 23. Rxf5 Qxf5 24. Qxf5 $19) 23. Rxd1) 20... hxg3 {Black mates.} 21. fxg3 Qh3+ 22. Kf2 Bc5+ 23. Ke2 Qxg3 {White is weak on the dark squares} 24. Qb3+ Kh8 25. Kd2 Qf4+ 26. Kc2 Bxf5+ {This pair of bishops is nice.} 27. Nd3 Bxd3+ 28. Kxd3 Rd8+ 29. Kc2 Qe4+ 30. Kc1 Be3+ 31. Nd2 Bxd2# {Weighted Error Value: White=0.63/Black=0.13 (very precise) .  Loses game:     	White=1     	---        Mistake:       	White=3     	Black=2      Inaccurate:     	White=2     	---        OK:         	White=3     	Black=4      Best:        	White=2     	Black=3      Strong:       	---       	Black=1} 0-1

[Event "45th FIDE Olympiad 2024"]
[Site "Budapest"]
[Date "2024.09.11"]
[Round "1.15"]
[White "Mehmeti, Dritan"]
[Black "Suk, Raj Monger"]
[Result "1-0"]
[ECO "D00"]
[WhiteElo "2364"]
[BlackElo "1821"]
[Annotator "ChessBase"]
[PlyCount "43"]
[EventDate "2024.09.05"]
[EventType "team-tourn"]
[EventCountry "HUN"]
[SourceTitle "playchess.com"]
[Source "ChessBase"]
[SourceQuality "1"]
[WhiteTeam "Albania"]
[BlackTeam "Bhutan"]
[WhiteTeamCountry "ALB"]
[BlackTeamCountry "BTN"]
[TimeControl "40/5400+30:1800+30"]

1. d4 Nf6 2. Bg5 d5 3. Nd2 h6 4. Bh4 Nc6 5. e3 a6 6. Ngf3 Bg4 7. c4 e6 8. Rc1 Bb4 9. a3 Bxd2+ 10. Qxd2 g5 11. Bg3 Ne4 12. Qc2 h5 13. Ne5 Nxe5 14. Bxe5 Nf6 15. cxd5 exd5 16. Qxc7 Qxc7 17. Rxc7 Rh6 18. h4 gxh4 19. f3 Bc8 20. Rxh4 Nd7 21. Bf4 Rh7 22. Bd3 1-0

[Event "45th FIDE Olympiad 2024"]
[Site "Budapest"]
[Date "2024.09.11"]
[Round "1.15"]
[White "Camacho Campusano, David Daniel"]
[Black "Bu, Xiangzhi"]
[Result "0-1"]
[ECO "B95"]
[WhiteElo "2219"]
[BlackElo "2693"]
[Annotator "TA"]
[PlyCount "56"]
[EventDate "2024.09.05"]
[EventType "team-tourn"]
[EventCountry "HUN"]
[SourceTitle "playchess.com"]
[Source "ChessBase"]
[SourceQuality "1"]
[WhiteTeam "Dominican Republic"]
[BlackTeam "China"]
[WhiteTeamCountry "DOM"]
[BlackTeamCountry "CHN"]
[TimeControl "40/5400+30:1800+30"]

1. e4 c5 2. Nf3 d6 3. d4 cxd4 4. Nxd4 Nf6 5. Nc3 a6 6. Bg5 Nbd7 7. Qd2 e6 8. f3 h6 9. Be3 b5 10. a3 Bb7 {[%emt 0:02:49] The position is equal.} 11. O-O-O Rc8 12. g4 (12. Kb1 $11) 12... Ne5 13. g5 hxg5 14. Bxg5 Qc7 {[%emt 0:11:52][%cal Oe5f3] Hoping for ...Nxf3!} 15. Kb1 {[%emt 0:06:51] [#]} (15. Rg1 $11 {keeps the balance.}) 15... Nfd7 {[%emt 0:04:22] Black is more active.} (15... Nxf3 $1 $17 16. Nxf3 Nxe4 17. Nxe4 Bxe4) 16. f4 $11 Nc4 17. Bxc4 Qxc4 18. Rhe1 $1 Nb6 (18... b4 {looks sharper.} 19. Nd5 e5 20. fxe5 dxe5 21. Nf5 Bxd5 22. b3 Qc7) 19. e5 {[%emt 0:04:59] [#] And now exd6 would win.} b4 $36 {[%emt 0:05:09][%mdl 2048] Black fights for an advantage.} 20. axb4 Qxb4 {[%emt 0:03:13] ...Nc4 is the strong threat.} 21. Ne4 (21. Nb3 $11 {remains equal.} Nc4 22. Qd3) 21... Qxd2 $17 22. Rxd2 Nc4 23. Rde2 {[%emt 0:02:13][%mdl 8192] Now White is beyond hope.} (23. Rg2 $17 {is a better chance.}) 23... Bxe4 $19 {[%emt 0:00:11] Black is clearly winning.} ({Less strong is} 23... dxe5 24. fxe5 Bxe4 (24... Nxe5 25. h4 $17) 25. Rxe4 $17) 24. Rxe4 Nd2+ ({Not} 24... Rxh2 25. R4e2 Rxe2 26. Rxe2 $19) 25. Kc1 Nxe4 26. Rxe4 Rxh2 27. exd6 f6 28. f5 fxg5 {[%emt 0:00:11] Weighted Error Value: White=0.75/Black=0.13 (very precise) .  Loses game:     	White=1     	---        Mistake:       	White=3     	Black=1      Inaccurate:     	White=1     	Black=3      OK:         	White=6     	Black=10     Best:        	---       	Black=3      Strong:       	White=1     	---} 0-1

[Event "45th FIDE Olympiad 2024"]
[Site "Budapest"]
[Date "2024.09.11"]
[Round "1.16"]
[White "Wang, Yue"]
[Black "Jimenez Jimenez, Leandro"]
[Result "1-0"]
[ECO "D51"]
[WhiteElo "2637"]
[BlackElo "2188"]
[Annotator "TA"]
[PlyCount "59"]
[EventDate "2024.09.05"]
[EventType "team-tourn"]
[EventCountry "HUN"]
[SourceTitle "playchess.com"]
[Source "ChessBase"]
[SourceQuality "1"]
[WhiteTeam "China"]
[BlackTeam "Dominican Republic"]
[WhiteTeamCountry "CHN"]
[BlackTeamCountry "DOM"]
[TimeControl "40/5400+30:1800+30"]

1. d4 Nf6 2. c4 e6 3. Nc3 d5 4. cxd5 exd5 5. Bg5 Nbd7 6. e3 Bb4 7. Bd3 h6 8. Bh4 g5 9. Bg3 Ne4 (9... Nb6 $142) 10. Bxe4 $16 dxe4 11. Nge2 Nb6 12. h4 Bg4 (12... g4 $16 13. a3 Be7 14. Nxe4 Nd5) 13. Qc2 f5 (13... c6 {keeps fighting.} 14. Qxe4+ Be6) 14. hxg5 Bxe2 15. Qxe2 Qd5 {[%emt 0:06:40] Dodges Qb5+} 16. Be5 (16. Bxc7 Bxc3+ 17. Kf1 (17. bxc3 Qc6 $11) 17... Bxb2 18. Qxb2 Qc4+ 19. Kg1 Qxc7 $14) (16. Rxh6 O-O-O 17. Qh5 Rxh6 18. gxh6 Qc4 $18) 16... O-O-O 17. Bxh8 (17. gxh6 Bxc3+ 18. bxc3 Qc6 $16) 17... Rxh8 18. gxh6 Na4 19. Qc2 Qc6 20. Rc1 Nb6 (20... Nxc3 $142 21. bxc3 Bf8) 21. Qb3 Nd5 22. Kd1 Bxc3 23. bxc3 f4 24. c4 Nf6 25. Qb5 Qe6 26. Qe5 Qg4+ 27. Kc2 Re8 28. Qxf6 {[%emt 0:01:34] [#] Threatening mate with h7.} Re6 29. Qf8+ Kd7 30. Qg7+ {[%emt 0:00:09] Black got outplayed after the opening.   Weighted Error Value: White=0.18 (very precise) /Black=0.59.  Mistake:       	---       	Black=4      Inaccurate:     	---       	Black=4      OK:         	White=7     	Black=5      Best:        	White=1     	---} (30. Qf7+ $142 Kc8 31. h7 (31. Qxf4 Qe2+ 32. Kc3 Ra6 $18) (31. Qf8+ Kd7 $18) 31... Qe2+ 32. Kc3 Qd3+ 33. Kb2 Qd2+ 34. Ka1 Qxa2+ 35. Kxa2) 1-0

[Event "45th FIDE Olympiad 2024"]
[Site "Budapest"]
[Date "2024.09.11"]
[Round "1.16"]
[White "Lhundrup, M Dorji"]
[Black "Veleshnja, Zino"]
[Result "0-1"]
[ECO "B90"]
[WhiteElo "1715"]
[BlackElo "2294"]
[Annotator "ChessBase"]
[PlyCount "74"]
[EventDate "2024.09.05"]
[EventType "team-tourn"]
[EventCountry "HUN"]
[SourceTitle "playchess.com"]
[Source "ChessBase"]
[SourceQuality "1"]
[WhiteTeam "Bhutan"]
[BlackTeam "Albania"]
[WhiteTeamCountry "BTN"]
[BlackTeamCountry "ALB"]
[TimeControl "40/5400+30:1800+30"]

1. e4 c5 2. Nf3 d6 3. d4 cxd4 4. Nxd4 Nf6 5. Nc3 a6 6. f3 e5 7. Nb3 Be6 8. Be3 h5 9. Qd2 Nbd7 10. O-O-O Be7 11. Kb1 Qc7 12. h3 Rd8 13. f4 O-O 14. Be2 Nc5 15. Bf3 b5 16. f5 Bxb3 17. cxb3 b4 18. Nd5 Nxd5 19. Qxd5 h4 20. Rc1 a5 21. Rhg1 Rc8 22. g4 Qc6 23. Qd2 a4 24. Qxb4 axb3 25. axb3 Ra8 26. Rc4 Qa6 27. Qc3 Rfb8 28. Bxc5 Qa2+ 29. Kc2 dxc5 30. Bd1 Bg5 31. Rxc5 Qa1 32. Re1 Qc1+ 33. Kd3 Rd8+ 34. Rd5 Qf4 35. Kc2 Rdc8 36. Rc5 Rxc5 37. Qxc5 Qc1+ 0-1

[Event "45th FIDE Olympiad 2024"]
[Site "Budapest"]
[Date "2024.09.11"]
[Round "1.17"]
[White "Abdusattorov, Nodirbek"]
[Black "Johnson, Joshua"]
[Result "1-0"]
[ECO "C54"]
[WhiteElo "2766"]
[BlackElo "2267"]
[Annotator "TA"]
[PlyCount "89"]
[EventDate "2024.09.05"]
[EventType "team-tourn"]
[EventCountry "HUN"]
[SourceTitle "playchess.com"]
[Source "ChessBase"]
[SourceQuality "1"]
[WhiteTeam "Uzbekistan"]
[BlackTeam "Trinidad & Tobago"]
[WhiteTeamCountry "UZB"]
[TimeControl "40/5400+30:1800+30"]

1. e4 e5 2. Nf3 Nc6 3. Bc4 Nf6 4. d3 Bc5 5. c3 d6 6. b4 Bb6 7. a4 a5 8. b5 Ne7 9. Nbd2 O-O 10. O-O Ng6 11. d4 Bg4 12. Qc2 Re8 13. h3 {[%emt 0:10:59] The position is equal.} Be6 14. dxe5 Nxe5 15. Nxe5 dxe5 16. Rd1 Qe7 17. Ba3 Bc5 18. Bxe6 fxe6 19. Bc1 Rad8 20. Re1 Rf8 {[%emt 0:03:22][%cal Of6g4] And now ...Ng4! would win.} 21. Nf3 Bd6 22. Be3 b6 23. Rad1 Rde8 24. Nd2 Bc5 25. Nc4 Bxe3 26. Rxe3 Qc5 27. Nb2 Rd8 28. Nd3 Qd6 29. Ree1 Rd7 30. Kh2 g5 ({Black should play} 30... Rfd8 $1 $14) 31. Qc1 (31. c4 $16 {c5 is the strong threat.} c5 32. Nb4 (32. bxc6 Qxc6 33. Qc1 Rg7 $14)) 31... Rg7 $1 $14 32. Qe3 Qa3 (32... g4 $11) 33. Nxe5 $16 Qxa4 34. Qd3 {[%emt 0:00:54] Threatens to win with Ra1.} Qa3 {[%emt 0:01:11] [#]} 35. Qc4 $1 Qe7 {[%emt 0:00:15] [#]} (35... Kh8 $142) 36. Nc6 $1 $36 {[%emt 0:00:10][%mdl 2048] White is in control. White has more active pieces.} Qf7 {[%emt 0:02:36] Loses the game.} (36... Qe8 $16) 37. Nd8 $18 {[%emt 0:05:43] White is clearly winning.} Ng4+ 38. hxg4 Qf4+ 39. Kh1 Rg6 {[%emt 0:00:03][%cal Bg7g6,Bg6h6,Bh6h3][%mdl 32] ( -> ...Rh6+)} 40. f3 (40. Nxe6 $2 Rh6+ 41. Kg1 Qxf2#) 40... Rh6+ 41. Kg1 Rh3 42. Rd3 (42. gxh3 $2 {loses.} Qg3+ 43. Kh1 Qxh3+ 44. Kg1 Qg3+ 45. Kh1 (45. Kf1 $2 {is a self mate.} Rxf3+ 46. Ke2 Qg2#) 45... Rf6 $19 (45... Qxf3+ 46. Kh2 $11) (45... Qxf3+ 46. Kh2 $11)) 42... Qh2+ 43. Kf1 {[%emt 0:00:00][%cal Od8e6] Nxe6! would now be deadly.} Qg3 44. gxh3 Rxf3+ 45. Ke2 {[%emt 0:00:00] Weighted Error Value: White=0.13 (very precise) /Black=0.40.  Loses game:     	---       	Black=1      Mistake:       	White=1     	Black=3      Inaccurate:     	White=4     	Black=3      OK:         	White=12    	Black=8      Best:        	White=5     	Black=3      Strong:       	White=2     	Black=1} 1-0

[Event "45th FIDE Olympiad 2024"]
[Site "Budapest"]
[Date "2024.09.11"]
[Round "1.17"]
[White "Aziz, Husain"]
[Black "Olson, Hamish"]
[Result "1/2-1/2"]
[ECO "D02"]
[WhiteElo "2340"]
[BlackElo "2384"]
[Annotator "ChessBase"]
[PlyCount "124"]
[EventDate "2024.09.05"]
[EventType "team-tourn"]
[EventCountry "HUN"]
[SourceTitle "playchess.com"]
[Source "ChessBase"]
[SourceQuality "1"]
[WhiteTeam "Qatar"]
[BlackTeam "Scotland"]
[WhiteTeamCountry "QAT"]
[BlackTeamCountry "SCO"]
[TimeControl "40/5400+30:1800+30"]

1. d4 d5 2. Nf3 Nf6 3. Bf4 c5 4. e3 Nc6 5. Nbd2 cxd4 6. exd4 Bf5 7. c3 e6 8. Bb5 Nd7 9. O-O Be7 10. Re1 O-O 11. a4 Rc8 12. h3 h6 13. Bf1 Nf6 14. Qe2 Ne4 15. Nxe4 Bxe4 16. Nd2 Bg6 17. Nb3 Bd6 18. Bxd6 Qxd6 19. a5 Ne7 20. Qb5 Qc6 21. Nc5 Qxb5 22. Bxb5 Rc7 23. Ra4 Nc8 24. Rb4 Nd6 25. Bf1 Re7 26. g4 Rc8 27. f3 Rcc7 28. Kf2 Bh7 29. h4 g5 30. hxg5 hxg5 31. Re5 f6 32. Rxe6 Rxe6 33. Nxe6 Re7 34. Nc5 f5 35. gxf5 Bxf5 36. Be2 Kg7 37. Bd1 Bg6 38. Bb3 Bf7 39. Nd3 Kf6 40. Ne5 Be6 41. Bc2 Bf5 42. Bb3 Be6 43. Bc2 Rc7 44. Ra4 Nf7 45. Nxf7 Rxf7 46. Ra1 g4 47. fxg4 Bxg4 48. Kg3 Kg5 49. Re1 Rf3+ 50. Kg2 Kf4 51. Re7 Rg3+ 52. Kf2 Rf3+ 53. Kg2 Rg3+ 54. Kf2 Rf3+ 55. Ke1 Re3+ 56. Rxe3 Kxe3 57. Bg6 b6 58. axb6 axb6 59. Be8 Kd3 60. Bg6+ Ke3 61. Be8 Kd3 62. Bg6+ Ke3 1/2-1/2

[Event "45th FIDE Olympiad 2024"]
[Site "Budapest"]
[Date "2024.09.11"]
[Round "1.18"]
[White "Waldhausen Gordon, Frederick"]
[Black "Erfan, Mohamad Firdaus"]
[Result "1-0"]
[ECO "D27"]
[WhiteElo "2351"]
[BlackElo "1758"]
[Annotator "TA"]
[PlyCount "97"]
[EventDate "2024.09.05"]
[EventType "team-tourn"]
[EventCountry "HUN"]
[SourceTitle "playchess.com"]
[Source "ChessBase"]
[SourceQuality "1"]
[WhiteTeam "Scotland"]
[BlackTeam "Qatar"]
[WhiteTeamCountry "SCO"]
[BlackTeamCountry "QAT"]
[TimeControl "40/5400+30:1800+30"]

1. d4 d5 2. c4 dxc4 3. e3 Nf6 4. Bxc4 e6 5. Nf3 a6 6. O-O c5 7. b3 cxd4 8. Nxd4 b5 9. Be2 e5 10. Nf3 Bd6 {White is slightly better.} 11. Bb2 Qe7 12. Nbd2 O-O ({Black should play} 12... Nbd7 $14) 13. a4 $16 bxa4 14. Nc4 Rd8 15. Nxd6 (15. Nfxe5 $2 Bxe5 16. Qc1 Bxb2 17. Qxb2 axb3 18. Qxb3 Be6 $19) 15... Rxd6 16. Qe1 e4 {[#]} (16... Rd8 $16 {might work better.}) 17. Ba3 $1 $18 exf3 (17... axb3 $142 18. Nd4 (18. Bxd6 Qxd6 19. Qc3 Bb7 $16) 18... Be6) 18. Bxf3 {This pair of bishops is nice.} Ra7 19. Qb4 {Wards off Bb7} (19. Bxd6 Qxd6 20. Qa5 Bd7 $16 (20... axb3 $2 21. Rad1 $18)) 19... Re6 {Strongly threatening ...Qxb4.} 20. Qxb8 Qc7 21. Qb4 Re8 {Against Qf8+} 22. Rac1 $40 {[%cal Ba1c1,Bc1c5,Bc5c6][%mdl 160] White goes for the king.} (22. Qxa4 $6 Bb7 23. Bxb7 Qxb7) 22... Qe5 23. Rc5 (23. Qxa4 Bd7 24. Qd4 Qxd4 25. exd4 h5 $18) 23... Qe6 24. Qb8 ({Not} 24. Qxa4 Bb7 25. Rc7 Qb6 $16) 24... Rae7 (24... Qxb3 {was necessary.} 25. Qxa7 Qxa3) 25. Rc6 ({Less strong is} 25. bxa4 Bb7 (25... Nd7 26. Qxc8 Rxc8 27. Rxc8+ Re8 28. Bd5 $16) 26. Qf4 Bxf3 27. Qxf3 Qb3 $14) 25... Qxb3 26. Qxb3 axb3 {Black is weak on the dark squares} 27. Bxe7 Bd7 28. Bxf6 Bxc6 29. Bxc6 Re6 30. Bd5 Rxf6 31. Bxb3 {[%mdl 4096] Endgame. KRB-KR} g6 32. g3 a5 33. Rc1 Rb6 34. Bd5 Rd6 35. e4 Rd7 36. Rc8+ Kg7 37. Ra8 f5 38. Rxa5 fxe4 39. Bxe4 Kf6 40. Kg2 Rd4 41. Kf3 Rb4 42. h4 Rb6 43. Rc5 {[#] White threatens Rc6+ and mate.} h5 44. Rc6+ {White mates.} Rxc6 45. Bxc6 g5 46. hxg5+ Kxg5 47. Ke4 h4 48. gxh4+ Kxh4 49. f4 {Black got outplayed after the opening.   Weighted Error Value: White=0.05 (flawless) /Black=0.34.  Mistake:       	---       	Black=4      OK:         	White=16    	Black=9      Best:        	White=2     	Black=1      Strong:       	White=1     	---} 1-0

[Event "45th FIDE Olympiad 2024"]
[Site "Budapest"]
[Date "2024.09.11"]
[Round "1.18"]
[White "Cabralis, Quinn"]
[Black "Yakubboev, Nodirbek"]
[Result "1/2-1/2"]
[ECO "B90"]
[WhiteElo "2169"]
[BlackElo "2666"]
[Annotator "TA"]
[PlyCount "73"]
[EventDate "2024.09.05"]
[EventType "team-tourn"]
[EventCountry "HUN"]
[SourceTitle "playchess.com"]
[Source "ChessBase"]
[SourceQuality "1"]
[WhiteTeam "Trinidad & Tobago"]
[BlackTeam "Uzbekistan"]
[BlackTeamCountry "UZB"]
[TimeControl "40/5400+30:1800+30"]

1. e4 c5 2. Nf3 d6 3. d4 cxd4 4. Nxd4 Nf6 5. Nc3 a6 6. Rg1 b5 7. a4 b4 8. Nd5 Nxe4 9. Bc4 {[%emt 0:01:08][%cal Od1f3] Black has an edge.} e6 10. Qe2 Nf6 (10... exd5 11. Bxd5 Ra7 12. Bxe4) (10... Nc5 $1 $11) 11. Bg5 $14 {[%emt 0:03:21] White has more active pieces.} Be7 12. Nxe7 (12. Nxb4 d5 13. Nbc6 Nxc6 14. Nxc6 Qb6 15. Nxe7 Qxb2 $17) 12... Qxe7 13. O-O-O h6 14. Bh4 {[%emt 0:05:33] A strong pair of Bishops.} Ra7 15. f4 Rc7 16. Rge1 {[%emt 0:04:52] aiming for g4.} d5 $2 {[%emt 0:05:01] [#]} ({Black should play} 16... Nc6 $1 $14) 17. Bxd5 $1 $18 {[%emt 0:09:29][%cal Od4f5][%mdl 512] Hoping for Nf5!} Qd6 {[%emt 0:04:13] [#]} (17... exd5 $2 18. Qd3 Be6 19. f5 $18) (17... O-O 18. Nf5) 18. Bg3 $2 Nxd5 19. f5 $36 {[%emt 0:00:42][%mdl 2048] White is on the roll.} Qe7 20. Bxc7 Nxc7 21. Qc4 $1 {[%emt 0:00:26][%cal Of5f6] Strongly threatening f6!} (21. fxe6 Nxe6 22. Qe5 Qg5+ 23. Rd2 O-O 24. Qxb8 Nxd4 25. Qxb4 Rd8 $11) 21... O-O {[%emt 0:03:49] [#]} (21... e5 $142) 22. f6 $1 $16 Qd8 {[%emt 0:01:10] [#]} (22... gxf6 $2 23. Nf5 exf5 24. Rxe7 $18) (22... Qxf6 $16 {is a better chance.} 23. Qxc7 Bd7) 23. fxg7 $1 $18 (23. Qxb4 Bd7 24. fxg7 Re8 $16) ({Weaker is} 23. Nc6 Qxf6 24. Nxb8 Nd5 $16) 23... Re8 {[%emt 0:00:01] [#]} 24. Nxe6 $1 Qxd1+ 25. Kxd1 Nxe6 26. Qh4 h5 27. Qxh5 Rd8+ 28. Kc1 Nxg7 29. Qg5 Nc6 30. Re3 {[%emt 0:02:41] Rg3 would now be deadly.} Bf5 31. Rg3 Bg6 32. h4 Re8 (32... Ne6 $142 33. Qf6 Ned4) 33. h5 Re5 34. Qf6 Re6 35. Qg5 (35. Qf3 Nd4 36. Qa8+ Re8 37. Qxa6 Bxh5 38. Kb1) 35... Re5 $1 36. Qf6 Re6 37. Qg5 $2 {[%emt 0:00:58] Weighted Error Value: White=0.69/Black=0.36.  Loses game:     	---       	Black=1      Missed win:     	White=2     	---        Mistake:       	White=1     	Black=4      Inaccurate:     	White=3     	Black=1      OK:         	White=7     	Black=8      Best:        	White=3     	Black=1      Strong:       	White=3     	Black=1      Brilliant:      	White=2     	---} (37. Qf3 $18 Nd4 38. Qa8+ Re8 39. Qxa6 Nxh5 40. Rxg6+ fxg6 41. Qxg6+ Ng7 42. Qb6) 1/2-1/2

[Event "45th FIDE Olympiad 2024"]
[Site "Budapest"]
[Date "2024.09.11"]
[Round "1.19"]
[White "Vokhidov, Shamsiddin"]
[Black "Cupid, Kevin"]
[Result "1-0"]
[ECO "B12"]
[WhiteElo "2650"]
[BlackElo "2201"]
[Annotator "TA"]
[PlyCount "85"]
[EventDate "2024.09.05"]
[EventType "team-tourn"]
[EventCountry "HUN"]
[SourceTitle "playchess.com"]
[Source "ChessBase"]
[SourceQuality "1"]
[WhiteTeam "Uzbekistan"]
[BlackTeam "Trinidad & Tobago"]
[WhiteTeamCountry "UZB"]
[TimeControl "40/5400+30:1800+30"]

1. e4 c6 2. d4 d5 3. e5 Bf5 4. h4 h5 5. Bd3 Bxd3 6. Qxd3 Qa5+ 7. Nd2 {[%emt 0:00:09][%cal Oe5e6] And now e6! would win.} e6 8. Ngf3 {[%emt 0:00:05] The position is equal.} Qa6 9. c4 Nh6 10. O-O Nf5 11. Rd1 Be7 12. g3 c5 13. dxc5 {[%emt 0:03:08] Threatens to win with b4.} Nc6 14. b4 Nxb4 15. Qc3 Bxc5 (15... Nxa2 $2 16. Qc2 Nb4 17. Qb1 $18) (15... Qa4 {simplifies} 16. Qb3 Qxb3 17. axb3 O-O) 16. Nb3 (16. Ba3 $1 $15 Qb6 (16... Nxg3 17. Qb3 $11) 17. Bxb4 Bxb4 18. Qb3 Bxd2 (18... Nxg3 19. cxd5 exd5 20. Qd3 $17) 19. Qxb6 axb6 20. Nxd2) 16... Nxg3 $17 (16... Nxa2 17. Qb2 (17. Nxc5 $2 Nxc3 18. Nxa6 Nxd1 $19) 17... Qxc4 18. Qxa2 $14 (18. Rxa2 b6 $16)) 17. Re1 {[%emt 0:00:02] [#] Against Ne2+} Ne4 (17... Nxa2 18. Qb2 (18. Nxc5 Ne2+ 19. Rxe2 Nxc3 $11) 18... Ne4 19. Be3 (19. Rxa2 Qxc4 20. Be3 Bxe3 $11) (19. Rxe4 dxe4 20. Rxa2 Qxc4 $11) 19... Bxe3 20. Rxe3 $14) (17... Qb6 $1 $17 18. Nxc5 Qxc5) 18. Rxe4 $1 $16 dxe4 {[%emt 0:00:28] A mistake that costs the game.} (18... Bxf2+ $16 {was called for.} 19. Kxf2 dxe4 20. Qxb4 exf3) 19. Nxc5 $18 Qc6 {[%emt 0:00:10] Black is weak on the dark squares} 20. Qxb4 {[%emt 0:00:53] Strongly threatening Nd4.} b6 21. Ng5 bxc5 22. Qb5 Rc8 23. Nxe4 {[%emt 0:00:09] [#] aiming for Nd6+.} O-O 24. Qxc6 Rxc6 25. Be3 Rfc8 26. a4 Ra6 (26... Rb8 $142 27. Nd2 (27. Bxc5 Rbc8 $16) 27... Rb2) 27. a5 (27. Nxc5 Rac6 $16) 27... Kh7 28. Kg2 (28. Nxc5 $6 Rac6 $18) 28... Kg6 29. Kf3 ({Don't take} 29. Bxc5 f5) (29. Nxc5 Rac6) 29... f5 (29... Rac6 $142 30. Rg1+ Kh7 31. Ng5+ Kg8) 30. Nxc5 {[%emt 0:01:46] White is clearly winning.} Rac6 31. Nb7 (31. Nd3 Kf7 32. c5 (32. Bxa7 Rxc4 33. Be3 Rxh4 $18) 32... Rb8) 31... a6 32. Nd6 R8c7 33. Rb1 f4 34. Rg1+ Kh7 35. Kxf4 Rxc4+ 36. Nxc4 Rxc4+ {[%emt 0:00:09][%mdl 4096] Endgame. KRB-KR} 37. Kg5 Re4 38. Kxh5 {[%emt 0:00:26] Hoping for Rg5.} Rxe5+ 39. Rg5 Re4 40. Rc5 Ra4 41. Kg5 Ra1 42. Bd4 Rg1+ 43. Kf4 {[%emt 0:00:05] Weighted Error Value: White=0.14 (very precise) /Black=0.45.  Mistake:       	White=1     	Black=4      Inaccurate:     	White=2     	Black=3      OK:         	White=11    	Black=12     Best:        	White=1     	Black=1      Strong:       	White=1     	---} 1-0

[Event "45th FIDE Olympiad 2024"]
[Site "Budapest"]
[Date "2024.09.11"]
[Round "1.19"]
[White "Al Qassabi, Mohammed"]
[Black "Abdulla, Murad"]
[Result "0-1"]
[ECO "B32"]
[WhiteElo "1521"]
[BlackElo "2312"]
[Annotator "ChessBase"]
[PlyCount "45"]
[EventDate "2024.09.05"]
[EventType "team-tourn"]
[EventCountry "HUN"]
[SourceTitle "playchess.com"]
[Source "ChessBase"]
[SourceQuality "1"]
[WhiteTeam "Qatar"]
[BlackTeam "Scotland"]
[WhiteTeamCountry "QAT"]
[BlackTeamCountry "SCO"]
[TimeControl "40/5400+30:1800+30"]

1. e4 c5 2. Nf3 Nc6 3. d4 cxd4 4. Nxd4 Qb6 5. Nxc6 bxc6 6. Bc4 Nf6 7. Nc3 e5 8. O-O Be7 9. Bb3 O-O 10. Be3 Qa5 11. Qd2 Bb4 12. Qd3 Ba6 13. Bc4 Bxc4 14. Qxc4 d5 15. Qe2 d4 16. Bg5 dxc3 17. Bxf6 gxf6 18. Qg4+ Kh8 19. Qf5 Be7 20. Rae1 cxb2 21. Re3 Rg8 22. Rh3 Rg7 23. Rb3 0-1

[Event "45th FIDE Olympiad 2024"]
[Site "Budapest"]
[Date "2024.09.11"]
[Round "1.20"]
[White "Gourlay, Iain"]
[Black "Al-Kuwari, Turki"]
[Result "1-0"]
[ECO "A37"]
[WhiteElo "2296"]
[BlackElo "1577"]
[Annotator "ChessBase"]
[PlyCount "69"]
[EventDate "2024.09.05"]
[EventType "team-tourn"]
[EventCountry "HUN"]
[SourceTitle "playchess.com"]
[Source "ChessBase"]
[SourceQuality "1"]
[WhiteTeam "Scotland"]
[BlackTeam "Qatar"]
[WhiteTeamCountry "SCO"]
[BlackTeamCountry "QAT"]
[TimeControl "40/5400+30:1800+30"]

1. Nf3 c5 2. g3 Nc6 3. Bg2 g6 4. c4 Bg7 5. Nc3 e6 6. h4 Nge7 7. h5 d5 8. h6 Bxc3 9. bxc3 dxc4 10. Qa4 Qd6 11. Qxc4 b6 12. d4 cxd4 13. Nxd4 Nxd4 14. cxd4 Nd5 15. Bf4 Qd7 16. Be5 O-O 17. e4 Ne7 18. O-O Bb7 19. Rfd1 Rac8 20. Qb3 Rfd8 21. Qe3 f5 22. Qg5 Rf8 23. Rac1 fxe4 24. Rxc8 Nxc8 25. Rc1 Nd6 26. Bh3 b5 27. Bg7 Rc8 28. Rxc8+ Qxc8 29. Qe7 Nf5 30. Bxf5 exf5 31. Kh2 Bd5 32. Qd6 Qa8 33. Be5 Qc6 34. Qe7 Bf7 35. Bd6 1-0